AoeStats
← AiM | Alexander the conqueror

African Clearing

510440191Analyzed
4v4 RM · 2d ago on Oct 1, 2026· 49m 5s· 8 players
Game mode
Random Map
Map size
Large (8 player)
Population
200
Speed
Normal
Resources
Standard
Victory
Conquest
Starting age
Dark Age
Ending age
Imperial Age
RankedLock teamsTeams togetherTeam positionsShared explorationLock speedFull tech treeHidden civsTurbo modeCheats
Victory
Defeat
🇦🇷 Berbers · Argentina
1510
+13
1463
+15
🇲🇽 Varangians · Mexico
1327
+20
🇨🇴 Saracens · Colombia
1237
+23
🇵🇪 Slavs · Peru
1452
-19
🇨🇳 Mongols · China
1437
-18
🇲🇽 Varangians · Mexico
1428
-18
1391
-16
:) YO30830
3:45 Loom
14:57 Feudal Age
16:20 Double-Bit Axe
17:17 Forging
19:11 Castle Age
17:31 Bloodlines
31:14 Scale Barding Armor
46:52 Imperial Age
Yisaac
11:30 Feudal Age
12:32 Loom
22:53 Castle Age
21:41 Double-Bit Axe
21:57 Fletching
23:03 Crossbowman
27:17 Horse Collar
31:06 Town Watch
32:32 Scale Barding Armor
36:29 Imperial Age
35:26 Bow Saw
35:56 Chain Barding Armor
36:25 Detinets
36:43 Bloodlines
36:34 Husbandry
36:57 Forging
38:14 Plate Barding Armor
40:11 Conscription
41:57 Heavy Plow
43:29 Iron Casting
46:47 Wheelbarrow
47:08 Elite Boyar
50:01 Blast Furnace
48:24 Light Cavalry
肩扛大明两京一十三省
10:12 Loom
12:13 Feudal Age
20:08 Castle Age
20:23 Bloodlines
20:20 Scale Barding Armor
28:46 Wheelbarrow
31:03 Chain Barding Armor
34:00 Double-Bit Axe
36:10 Forging
40:34 Bow Saw
42:09 Capped Ram
47:10 Steppe Husbandry
120057903
9:21 Loom
12:06 Feudal Age
12:45 Double-Bit Axe
13:30 Fletching
14:13 Padded Archer Armor
24:19 Castle Age
24:30 Crossbowman
35:31 Wheelbarrow
42:55 Imperial Age
40:12 Town Watch
41:03 Gold Mining
41:38 Bodkin Arrow
41:58 Leather Archer Armor
42:52 Leather Archer Armor
43:01 Scale Barding Armor
42:59 Husbandry
43:09 Bloodlines
43:11 Thumb Ring
47:20 Bracer
47:48 Parthian Tactics
47:36 Elite Mangudai
49:30 Scale Mail Armor
49:40 Forging
49:42 Bow Saw
AiM | Alexander the conqueror
9:28 Loom
11:55 Feudal Age
12:50 Double-Bit Axe
14:59 Forging
15:07 Horse Collar
16:00 Fletching
16:30 Town Watch
27:11 Castle Age
26:01 Bloodlines
26:48 Scale Barding Armor
47:26 Wheelbarrow
50:11 Imperial Age
48:21 Bodkin Arrow
48:27 Padded Archer Armor
49:00 Gold Mining
Cleryus
7:16 Loom
13:19 Feudal Age
14:18 Double-Bit Axe
16:12 Fletching
23:54 Castle Age
24:52 Bodkin Arrow
25:16 Crossbowman
29:46 Padded Archer Armor
30:44 Thumb Ring
31:02 Ballistics
31:22 Bow Saw
36:00 Gold Mining
36:00 Stone Mining
42:53 Bloodlines
48:07 Town Watch
Urukubar
3:55 Loom
16:10 Feudal Age
16:21 Man-at-Arms
18:09 Scale Mail Armor
19:58 Forging
20:34 Arson
22:24 Fletching
28:53 Castle Age
27:47 Horse Collar
29:02 Pikeman
35:15 Double-Bit Axe
37:40 Scale Barding Armor
39:58 Bloodlines
39:48 Husbandry
43:24 Chain Mail Armor
43:16 Squires
47:10 Wheelbarrow
47:21 Town Watch
Ronin Charles
11:31 Loom
13:29 Feudal Age
14:43 Double-Bit Axe
17:50 Castle Age
16:04 Horse Collar
18:03 Fletching
31:29 Bodkin Arrow
36:27 Ballistics
41:12 Imperial Age
39:57 Husbandry
42:11 Bracer
43:35 Chemistry
43:45 Heavy Plow
44:26 Padded Archer Armor
47:29 Conscription
47:24 Maghrebi Camels
47:46 Elite Camel Archer
48:50 Leather Archer Armor
Connection lost

Rejoining the realm…

Still unreachable

The connection could not be restored.

Session expired

The server has moved on; the page needs a fresh start.